 Dungeon Crawl Stone Soup version 0.32-a0-913-g739538afd8 (webtiles) character file.

Game seed: 16087894253405073167

387 StarspawnTentacle the Shooter (level 6, -3/47 HPs)
             Began as a Coglin Hexslinger on Apr 7, 2024.
             Slain by a gnoll sergeant
             ... wielding a +4 vampiric trident
              (13 damage)
             ... on level 5 of the Dungeon.
             The game lasted 00:03:42 (3150 turns).

StarspawnTentacle the Shooter (Coglin Hexslinger)   Turns: 3150, Time: 00:03:43

Health: -3/47      AC:  5    Str:  8    XL:     6   Next: 78%
Magic:  7/7        EV: 12    Int: 12    God:
Gold:   186        SH:  0    Dex: 19    Spells: 7/7 levels left

rFire   . . .        a - +1 sling {Lars}
rCold   . . .        g - +0 sling {Pancho}
rNeg    . . .        w - +0 leather armour
rPois   .            h - +0 helmet
rElec   .            (no cloak)
rCorr   .            (no gloves)
SInv    .            o - +0 pair of boots
Will    .....        (amulet unavailable)
Stlth   +            (ring unavailable)
HPRegen 0.27/turn    (ring unavailable)
MPRegen 0.10/turn    (no gizmo)

%: no passive effects
@: revved
A: off-hand wielding, slow wielding, warmup strikes, no jewellery
a: Invent Gizmo


You were on level 5 of the Dungeon.
You visited 1 branch of the dungeon, and saw 5 of its levels.

You collected 186 gold pieces.

Inventory:

Hand Weapons
 a - a +1 sling (weapon) {Lars}
 d - a -2 sling {Araceli}
 g - a +0 sling (offhand) {Pancho}
Armour
 c - a +0 robe
 h - a +0 helmet (worn)
 o - a +0 pair of boots (worn)
 v - a +0 pair of boots
 w - a +0 leather armour (worn)
Wands
 t - a wand of charming (4)
Scrolls
 b - a scroll of poison {!r}
 e - 3 scrolls of identify {unknown}
 f - a scroll of revelation {unknown}
 i - a scroll of vulnerability {unknown}
 l - 3 scrolls of teleportation {unknown}
 p - a scroll of noise {unknown}
Potions
 j - a potion of heal wounds {unknown}
 k - a potion of resistance {unknown}
 m - a potion of brilliance {unknown}
 n - 2 potions of berserk rage {unknown}
 q - a potion of magic {unknown}
 r - a potion of curing {unknown}
 s - a potion of attraction {unknown}
 u - a potion of degeneration {unknown}
 x - a potion of haste {unknown}


   Skills:
 + Level 3.2 Fighting
 * Level 4.6 Ranged Weapons
 + Level 3.5 Dodging
 - Level 1.0 Spellcasting
 - Level 2.6 Hexes
 - Level 0.8 Fire Magic


You had 7 spell levels left.
You didn't know any spells.
Your spell library contained the following spells:

 Spells                   Type           Power      Damage    Failure   Level
 Jinxbite                 Hex            14%        N/A       22%         2
 Sigil of Binding         Hex            7%         N/A       41%         3
 Inner Flame              Hex/Fire       4%         N/A       54%         3
 Call Canine Familiar     Summ           0%         N/A       78%         3
 Cause Fear               Hex            3%         N/A       82%         4
 Dimensional Bullseye     Hex/Tloc       1%         N/A       94%         4
 Animate Dead             Necr           0%         N/A       99%         4
 Borgnjor's Vile Clutch   Necr/Erth      0%         N/A       100%        5
 Death Channel            Necr           0%         N/A       100%        6


Dungeon Overview and Level Annotations

Branches:
Dungeon (5/15)
 Temple: D:4-7

Altars:

Annotations:
D:3 ignis
D:5 Grinder


Innate Abilities, Weirdness & Mutations

You can wield a second weapon in your off-hand.
It takes a long time for you to wield or remove held weapons.
Your first few attacks do less damage.
You cannot equip rings or amulets.


Message History

You are too injured to fight recklessly!
You are too injured to fight recklessly!
You are too injured to fight recklessly!
You are too injured to fight recklessly!
You are too injured to fight recklessly!
You are too injured to fight recklessly!
You are too injured to fight recklessly!
You are too injured to fight recklessly!
You are too injured to fight recklessly!
You are too injured to fight recklessly!
You are too injured to fight recklessly!
You are too injured to fight recklessly!
You are too injured to fight recklessly!
You are too injured to fight recklessly!
You are too injured to fight recklessly!
Fire: a) +1 sling {Lars}
Press: ? - help, Q - select action, (/) - cycle Shift-Dir - straight line, f/p - gnoll sergeant
Aim: a gnoll sergeant, wielding a +4 vampiric trident and wearing a +0 scale mail (70% to hit)
You shoot a sling bullet.
The sling bullet hits the gnoll sergeant but does no damage.
You shoot a sling bullet.
The sling bullet hits the gnoll sergeant but does no damage.
The gnoll sergeant hits you from afar with a +4 vampiric trident.
* * * LOW HITPOINT WARNING * * *
Fire: a) +1 sling {Lars}
Press: ? - help, Q - select action, (/) - cycle Shift-Dir - straight line, f/p - gnoll sergeant
Aim: a gnoll sergeant, wielding a +4 vampiric trident and wearing a +0 scale mail (70% to hit)
You shoot a sling bullet.
The sling bullet barely misses the gnoll sergeant.
You shoot a sling bullet.
The sling bullet hits the gnoll sergeant but does no damage.
The gnoll sergeant hits you from afar with a +4 vampiric trident!
* * * LOW HITPOINT WARNING * * *
Fire: a) +1 sling {Lars}
Press: ? - help, Q - select action, (/) - cycle Shift-Dir - straight line, f/p - gnoll sergeant
Aim: a gnoll sergeant, wielding a +4 vampiric trident and wearing a +0 scale mail (70% to hit)
You shoot a sling bullet.
The sling bullet barely misses the gnoll sergeant.
You shoot a sling bullet.
The sling bullet closely misses the gnoll sergeant.
The gnoll sergeant closely misses you. x2
Fire: a) +1 sling {Lars}
Press: ? - help, Q - select action, (/) - cycle Shift-Dir - straight line, f/p - gnoll sergeant
Aim: a gnoll sergeant, wielding a +4 vampiric trident and wearing a +0 scale mail (70% to hit)
You shoot a sling bullet.
The sling bullet hits the gnoll sergeant.
You shoot a sling bullet.
The sling bullet hits the gnoll sergeant.
The gnoll sergeant hits you from afar with a +4 vampiric trident!
You die...

#....# ### #....#
..#################....####
#.##.......................
#.#..##############....#######
#.#.##...#...................#
.........#.#####.......#####.#
#.###....#.#####.......#####.####
................@.g....)....).)g.
#####....#.#####.......#.###.####
#....#.# #........... .# #....#.#
###.#####.###.# #......# #.# #.#
.# #####.####.# #.# #.. .#
......# #.# #.# #.## .# ####..#
#.# #.# #.# .# #..# #.#


You could see a gnoll sergeant.

Vanquished Creatures
  A scorpion (D:5)
  A bombardier beetle (D:4)
  3 hounds
  3 gnolls (D:4)
  6 adders
  2 ufetubi (D:5)
  A ribbon worm (D:2)
  3 dart slugs
  3 orcs
  9 ball pythons
  6 endoplasms
  4 giant cockroaches
  5 goblins
  3 hobgoblins
  2 quokkas
  4 bats
  A frilled lizard (D:2)
  7 kobolds
  6 rats
70 creatures vanquished.

Vanquished Creatures (collateral kills)
  3 gnolls (D:5)
  A quokka (D:5)
4 creatures vanquished.

Grand Total: 74 creatures vanquished

Notes
Turn   | Place    | Note
-------+----------+-------------------------------------------
     0 | D:1      | StarspawnTentacle the Coglin Hexslinger began the quest for
                  | the Orb.
     0 | D:1      | Reached XP level 1. HP: 15/15 MP: 2/2
   138 | D:1      | Reached skill level 2 in Ranged Weapons
   290 | D:1      | Reached XP level 2. HP: 21/21 MP: 3/3
   639 | D:2      | Reached XP level 3. HP: 23/26 MP: 4/4
  1138 | D:2      | Reached XP level 4. HP: 33/33 MP: 5/5
  1157 | D:2      | Reached skill level 3 in Ranged Weapons
  1796 | D:3      | Found a faded altar of an unknown god.
  2027 | D:4      | Reached XP level 5. HP: 36/39 MP: 6/6
  2422 | D:4      | Reached skill level 3 in Dodging
  2477 | D:4      | Reached skill level 4 in Ranged Weapons
  2758 | D:5      | Entered Level 5 of the Dungeon
  2761 | D:5      | Noticed Grinder
  2767 | D:4      | Reached XP level 6. HP: 37/46 MP: 7/7
  2920 | D:5      | Reached skill level 3 in Fighting
  3150 | D:5      | Slain by a gnoll sergeant

Illustrated notes

Levels and vault maps discovered:
D:1:      dpeg_arrival_castle, layout_rooms, chequers_garden,
          minmay_strange_pillars, serial_park_tiny_pond,
          minmay_misc_feat_encased, kennysheep_another_room,
          hangedman_abyss_or_decor_lesser_grid, hangedman_decor_growths,
          minmay_misc_feat_square
D:2:      layout_rooms, minmay_misc_feat_tower
D:3:      layout_basic, ebering_ecumenical_altar_sacrificial
D:4:      layout_loops_cross, mrwooster_statue_mirror,
          kennysheep_opposing_triangles
D:5:      layout_basic, minmay_temple_entry_glassed_door, uniq_sigmund,
          uniq_grinder

Skill      XL: |  1  2  3  4  5  6 |
---------------+-------------------+-----
Ranged Weapons | 2 3 4 |  4.6
Dodging        | 2 3 |  3.5
Fighting       | 2 3 |  3.2
Spellcasting   | |  1.0
Hexes          | |  2.6
Fire Magic     | |  0.8

Action                     |  1- 3 |  4- 6 || total
---------------------------+-------+-------++-------
   Fire: Sling             |   152 |   282 ||   434
  Evoke: Wand              |       |     1 ||     1
 Armour: Robe              |     9 |    15 ||    24
         Leather armour    |       |    26 ||    26
  Dodge: Dodged            |    20 |    52 ||    72

Table legend: (Time is in decaauts)
 A = Elapsed time spent in this place.
 B = Non-inter-level travel time spent in this place.
 C = Inter-level travel time spent in this place.
 D = Time resting spent in this place.
 E = Time spent auto-exploring this place.
 F = Levels seen in this place.
 G = Mean time per level.
                   A        B        C        D        E       F      G
               +--------+--------+--------+--------+--------+-----+--------+
         Total |   3205 |   2863 |    342 |     20 |   2411 |   5 |  641.0 |
       Dungeon |   3205 |   2863 |    342 |     20 |   2411 |   5 |  641.0 |
               +--------+--------+--------+--------+--------+-----+--------+

Top non-repeatable levels by time:
     D:4: 864 daAuts
     D:3: 756 daAuts
     D:1: 644 daAuts
     D:2: 643 daAuts
     D:5: 295 daAuts
